Map: Ever Dream LE

Players

Mixu

  • Race: Zerg Zerg
  • League: Grandmaster
  • Spawn Location: 1:00

Beastyqt - Winner!

  • Race: Terran Terran
  • League: Master
  • Spawn Location: 7:00

VOD

Have the link to the VOD?

Description

Time

  • Played on: June 21, 2020, 9:04 a.m.
  • Length: 11:57
Show
View Real Time Build Order
Export as new Build Order

Mixu Zerg 

Build Orders: Hatch First 

Get SALT Encoding   

  12  0:00  Drone  
  13  0:12  Overlord  
  13  0:16  Drone  
  14  0:31  Drone x2  
  16  0:48  Hatchery  
  15  0:52  Drone  
  15  0:55  Drone  
  17  0:59  Drone  
  18  1:09  Extractor  
  17  1:14  Spawning Pool  
  17  1:17  Drone  
  17  1:20  Drone  
  18  1:28  Drone  
  19  1:39  Drone  
  20  1:50  Drone  
  21  2:01  Overlord  
  21  2:02  Queen x2  
  21  2:03  Zergling x2  
  26  2:14  Zergling x2  
  26  2:15  Drone  
  28  2:16  Metabolic Boost  
  28  2:23  Drone x2  
  30  2:34  Drone  
  31  2:37  Spore Crawler  
  31  2:44  Drone  
  31  2:45  Overlord  
  31  2:46  Drone, Extractor  
  31  2:51  Queen  
  32  2:56  Drone x2  
  37  3:03  Queen  
  38  3:06  Drone x2  
  40  3:13  Drone x3  
  40  3:17  Drone  
  44  3:21  Overlord  
  43  3:40  Drone x4  
  43  3:41  Hatchery  
  46  3:43  Queen  
  46  3:46  Drone x3  
  51  3:54  Overlord  
  51  3:55  Overlord  
  51  4:05  Extractor  
  51  4:08  Zergling x2  
  51  4:11  Baneling Nest  
  51  4:14  Drone x5  
  55  4:19  Zergling x6  
  58  4:25  Overlord  
  58  4:29  Queen  
  59  4:31  Drone  
  59  4:37  Zergling x2, Evolution Chamber  
  60  4:38  Overlord x2  
  60  4:39  Evolution Chamber  
  59  4:48  Lair  
  59  4:49  Overlord  
  59  4:56  Drone x7  
  59  4:57  Queen  
  68  5:04  Zergling x4  
  68  5:05  Queen  
  72  5:08  Zerg Melee Weapons Level 1  
  72  5:10  Zerg Ground Armor Level 1  
  72  5:13  Zergling x4  
  74  5:15  Drone x3  
  74  5:20  Overlord  
  76  5:21  Drone  
  76  5:26  Drone x4  
  77  5:31  Zergling x2  
  77  5:35  Overlord  
  78  5:36  Zergling x2  
  78  5:39  Drone x3  
  82  5:45  Overseer  
  82  5:48  Hatchery, Queen  
  83  5:50  Spore Crawler  
  83  5:51  Spore Crawler  
  83  5:55  Baneling x2  
  83  5:56  Baneling  
  78  5:58  Drone x3  
  78  6:02  Baneling  
  78  6:03  Baneling x5  
  69  6:12  Drone x5  
  69  6:17  Drone x3  
  72  6:22  Drone x2  
  72  6:31  Drone x3  
  72  6:36  Drone x4  
  76  6:43  Drone x2, Extractor  
  76  6:44  Extractor  
  76  6:45  Extractor  
  75  6:49  Drone x3  
  78  6:58  Drone x2  
  80  7:07  Drone x4  
  80  7:08  Extractor  
  83  7:13  Queen  
  83  7:21  Spire  
  83  7:22  Drone  
  83  7:23  Queen x2  
  83  7:25  Drone x10  
  97  7:32  Overlord  
  97  7:48  Zerg Melee Weapons Level 2  
  97  7:49  Zerg Missile Weapons Level 1  
  97  7:52  Zergling x12  
  97  7:54  Roach Warren  
  101  8:04  Drone x6  
  101  8:05  Drone  
  96  8:13  Drone x7  
  96  8:17  Drone x2  
  103  8:29  Centrifical Hooks  
  103  8:32  Overlord x3  
  103  8:33  Overlord x2  
  101  8:45  Overlord x3  
  101  8:47  Zerg Flyer Weapons Level 1  
  96  8:51  Corruptor x6  
  108  8:59  Corruptor  
  110  9:04  Drone x8  
  110  9:06  Extractor x2  
  110  9:08  Spine Crawler  
  115  9:12  Drone x3  
  115  9:13  Infestation Pit  
  117  9:20  Roach  
  117  9:21  Roach x3  
  117  9:22  Hatchery  
  124  9:26  Drone, Glial Reconstitution  
  124  9:29  Drone x3  
  128  9:35  Roach x3  
  134  9:39  Roach  
  134  9:42  Roach x2  
  134  9:43  Roach x2  
  139  9:50  Hive  
  138  10:02  Roach x7  
  138  10:03  Roach x3  
  155  10:10  Zergling x10  
  160  10:18  Overlord  
  158  10:24  Ravager x2  
  158  10:25  Overlord  
  158  10:30  Baneling x2  
  158  10:32  Zergling x4  
  158  10:34  Overlord  
  158  10:35  Ravager x4  
  159  10:36  Zergling x2, Roach x2  
  159  10:37  Zergling x16  
  159  10:49  Zergling x16  
  156  10:51  Unknown  
  142  10:57  Roach x4  
  142  11:03  Corruptor  
  152  11:07  Ravager  
  152  11:08  Hatchery, Zergling x2  
  152  11:09  Zergling x10  
  151  11:17  Hatchery  
  150  11:24  Zergling x14  
Show
View Real Time Build Order
Export as new Build Order

Beastyqt Terran - Winner!

Build Orders: Hellion Opening, Reaper Expand, Battlecruiser Hellion (iEchoic Build), Mech 

Get SALT Encoding   

  12  0:01  SCV  
  13  0:13  SCV  
  14  0:16  Supply Depot  
  14  0:25  SCV  
  15  0:38  SCV  
  15  0:39  Barracks  
  16  0:44  Refinery  
  16  0:50  SCV  
  17  1:02  SCV  
  18  1:14  SCV  
  19  1:28  Reaper, Orbital Command  
  20  1:42  Command Center  
  20  1:50  Supply Depot  
  20  1:53  SCV  
  21  2:00  Marine  
  22  2:05  SCV  
  23  2:13  Factory  
  23  2:17  Refinery  
  23  2:18  SCV  
  23  2:22  Barracks Reactor  
  24  2:30  SCV  
  25  2:37  Engineering Bay  
  25  2:42  SCV  
  26  3:02  SCV  
  26  3:05  Orbital Command, Starport  
  27  3:12  Hellion x2  
  31  3:14  SCV, Barracks Tech Lab  
  32  3:26  SCV  
  33  3:32  SCV  
  33  3:34  Hellion x2  
  38  3:39  SCV  
  38  3:44  SCV  
  38  3:45  Supply Depot  
  38  3:47  Viking  
  41  3:48  Fusion Core  
  41  3:51  SCV  
  41  3:55  Hellion  
  44  3:56  Hellion  
  46  4:06  SCV x2  
  46  4:07  Supply Depot  
  46  4:08  Supply Depot  
  48  4:18  SCV x2  
  48  4:19  Hellion  
  48  4:20  Hellion  
  53  4:30  SCV x2  
  55  4:31  Supply Depot  
  55  4:39  Battlecruiser  
  55  4:42  SCV  
  62  4:46  SCV  
  62  4:52  Command Center  
  63  5:00  Armory, Hellion  
  63  5:01  SCV  
  63  5:02  Supply Depot  
  63  5:03  SCV  
  69  5:07  Hellion  
  69  5:09  Refinery  
  69  5:11  Refinery  
  69  5:14  SCV  
  69  5:18  SCV  
  69  5:19  Supply Depot  
  71  5:24  Hellion  
  71  5:27  SCV  
  74  5:28  Hellion  
  74  5:30  SCV  
  75  5:36  Supply Depot  
  75  5:39  SCV  
  76  5:47  Battlecruiser  
  76  5:48  SCV, Hellion  
  87  5:50  Hellion  
  87  5:51  SCV  
  88  6:00  SCV  
  88  6:02  Supply Depot  
  88  6:03  SCV  
  88  6:09  SCV  
  88  6:10  Hellion  
  85  6:11  Hellion  
  85  6:17  Factory x2  
  83  6:20  SCV  
  83  6:21  Armory  
  78  6:28  SCV  
  78  6:29  Orbital Command  
  78  6:32  SCV  
  78  6:34  Hellion x2  
  78  6:36  Terran Vehicle Weapons Level 1  
  82  6:43  Factory  
  82  6:44  Factory  
  82  6:45  SCV  
  83  6:48  Barracks Reactor, Refinery  
  83  6:50  SCV  
  83  6:51  Refinery  
  84  6:55  Orbital Command  
  84  6:57  SCV  
  86  7:02  SCV  
  86  7:10  SCV, Starport Reactor  
  86  7:13  Hellion  
  86  7:14  SCV, Factory Tech Lab  
  90  7:18  Terran Vehicle And Ship Armor Level 1  
  90  7:20  Hellion  
  90  7:21  SCV  
  93  7:23  SCV  
  93  7:27  SCV  
  93  7:29  Supply Depot  
  95  7:33  SCV, Factory Reactor  
  95  7:35  SCV, Factory Tech Lab  
  97  7:38  Siege Tank  
  97  7:39  SCV, Siege Tank  
  97  7:42  Command Center  
  104  7:45  SCV  
  104  7:50  Engineering Bay  
  105  7:52  Supply Depot, Infernal Pre-Igniter, Hellion  
  105  7:53  Hellion  
  109  8:02  Liberator x2  
  115  8:06  SCV, Siege Tank  
  115  8:11  Hellion  
  113  8:16  SCV  
  113  8:18  Supply Depot  
  108  8:21  Hellion x4  
  108  8:26  Thor  
  120  8:32  Thor  
  126  8:39  Thor  
  132  8:42  Hellion x2  
  132  8:43  Supply Depot  
  136  8:49  Missile Turret  
  136  8:52  Missile Turret  
  136  8:54  Missile Turret  
  136  8:57  Missile Turret  
  130  9:03  Missile Turret  
  130  9:06  Supply Depot, Hellion x3  
  130  9:08  Missile Turret  
  130  9:09  Siege Tank  
  139  9:10  Terran Vehicle Weapons Level 2  
  139  9:13  Terran Vehicle And Ship Armor Level 2  
  139  9:18  SCV x2, Refinery  
  139  9:21  Missile Turret, Refinery  
  141  9:26  Hellion x2, Siege Tank  
  148  9:34  Sensor Tower  
  146  9:44  Planetary Fortress  
  142  9:45  SCV  
  142  9:56  Cyclone x2  
  142  9:57  Hellion x2  
  142  9:58  Cyclone  
  155  10:04  Mag-Field Accelerator  
  155  10:05  SCV  
  156  10:09  SCV  
  156  10:10  SCV  
  156  10:11  Hellion  
  160  10:18  Hellion  
  158  10:23  SCV  
  162  10:28  Cyclone, Siege Tank  
  162  10:30  Siege Tank  
  162  10:31  Hellion x2  
  170  10:39  Hellion  
  166  10:46  Hellion  
  162  10:52  Hellion  
  164  10:57  Hellion  
  164  11:00  Hellion, Siege Tank x2  
  164  11:02  Siege Tank  
  175  11:07  Hellion  
  175  11:09  Command Center  
  175  11:21  Hellion x2  
  175  11:25  Hellion  
  155  11:29  Hellion  
Tags
 
Add a new tag
Caveats
  • Supply blocks, unpowered buildings, or Contaminate may cause inaccurate times.
  • Supply counts are checked every 10 seconds.